Map: 凯罗斯中转站-天梯版

Players

Scarlett - Winner!

  • Race: Zerg Zerg
  • League: Diamond

DnS

  • Race: Protoss Protoss

Event: WESG 2018 Grand Finals

VOD

Have the link to the VOD?

Description

Time

  • Played on: March 14, 2019, 5:43 a.m.
  • Length: 4:31

All games in this series

Show
View Real Time Build Order
Export as new Build Order

Scarlett Zerg - Winner!

Build Orders: Hatch First 

Get SALT Encoding   

  12  0:00  Drone  
  13  0:12  Overlord  
  13  0:17  Drone  
  14  0:30  Drone x2  
  16  0:47  Hatchery  
  15  0:51  Drone  
  15  0:54  Drone  
  17  0:58  Drone  
  17  1:01  Extractor  
  17  1:13  Spawning Pool  
  17  1:17  Drone  
  17  1:20  Drone  
  18  1:28  Drone  
  19  1:39  Drone  
  20  1:51  Overlord  
  20  2:00  Queen x2  
  24  2:02  Metabolic Boost  
  24  2:08  Zergling x2  
  24  2:11  Zergling x2  
  24  2:12  Zergling x2  
  24  2:14  Zergling x2  
  28  2:24  Zergling x4  
  30  2:38  Hatchery  
  29  2:46  Overlord  
  29  2:49  Zergling x2  
  29  2:50  Zergling x4  
  32  2:57  Zergling x4  
  34  3:07  Zergling x4  
  34  3:11  Zergling x2  
  34  3:12  Zergling x4  
  38  3:20  Zergling x8  
  41  3:29  Zergling x2  
  41  3:30  Zergling x2  
  43  3:37  Zergling x2  
  44  3:46  Overlord x2, Zergling x2  
  43  3:54  Zergling x8  
  46  3:56  Zergling x2  
  46  4:02  Zergling x2  
  46  4:03  Zergling x2  
  46  4:09  Zergling x4  
Show
View Real Time Build Order
Export as new Build Order

DnS Protoss 

Build Orders: 1 Gate Expand 

Get SALT Encoding   

  12  0:00  Probe  
  13  0:12  Probe  
  14  0:18  Pylon  
  14  0:24  Probe  
  15  0:32  Probe  
  15  0:38  Gateway  
  15  0:40  Probe  
  16  0:47  Assimilator  
  17  0:51  Probe  
  18  1:03  Probe  
  19  1:15  Probe  
  20  1:24  Nexus  
  20  1:34  Cybernetics Core  
  20  1:38  Probe  
  21  1:44  Assimilator  
  21  1:50  Probe  
  21  1:53  Pylon  
  22  2:01  Stalker  
  22  2:02  Probe  
  23  2:14  Probe  
  26  2:26  Probe  
  26  2:27  Robotics Facility  
  27  2:31  Adept  
  29  2:38  Probe  
  29  2:40  Probe  
  31  2:46  Probe  
  32  2:52  Probe  
  32  2:54  Probe  
  32  2:58  Gateway  
  34  3:04  Probe  
  34  3:05  Probe  
  35  3:07  Sentry  
  38  3:14  Immortal  
  38  3:21  Shield Battery  
  38  3:22  Pylon  
  40  3:40  Gateway  
  42  3:43  Pylon  
  39  3:53  Gateway  
  39  3:55  Gateway  
  39  4:01  Gateway  
  39  4:03  Pylon  
  39  4:08  Gateway  
Tags
 
Add a new tag
Caveats
  • Supply blocks, unpowered buildings, or Contaminate may cause inaccurate times.
  • Supply counts are checked every 10 seconds.